[Event "*** SCC Grand Prix: Titled Tuesday Blitz"]
[Site "Chess.com"]
[Date "2020.06.23"]
[Round "1"]
[White "GelmanAlexander"]
[Black "IgotJinxed"]
[Result "1-0"]
[WhiteElo "2542"]
[BlackElo "2174"]
[TimeControl "180+1"]
[EndTime "10:06:02 PDT"]
[Termination "GelmanAlexander won by resignation"]

1. c4 Nf6 2. Nf3 g6 3. e3 Bg7 4.
Be2 O-O 5. O-O c5 6. a3 Nc6 7. d3 a6 8. Nc3 Rb8 9. Rb1 b5 10.
cxb5 axb5 11. b4 cxb4 12. axb4 d6 13. d4 Bf5 14. Rb3 Ne4 15. Nxb5 Qd7 16. d5 Na7 17. Nbd4 Rfc8 18. Bb2 Qa4 19. Nxf5 gxf5 20. Bxg7 Kxg7 21. Qa1+ Qxa1 22. Rxa1 Nb5 23. Bxb5 Rxb5 24. Nd4 Rxd5 25. b5 Rc3 26. Rxc3 Nxc3 27. b6 1-0

[Event "*** SCC Grand Prix: Titled Tuesday Blitz"]
[Site "Chess.com"]
[Date "2020.06.23"]
[Round "1"]
[White "TST2014"]
[Black "chesslh19"]
[Result "1-0"]
[WhiteElo "2517"]
[BlackElo "2121"]
[TimeControl "180+1"]
[EndTime "10:06:02 PDT"]
[Termination "TST2014 won by resignation"]

1. d4 Nf6 2. c4 e6 3. Nf3 d5 4. Nc3 c5 5. cxd5 cxd4 6. Qa4+ Bd7 7. Qxd4 exd5 8. Nxd5 Qa5+ 9. Nc3 Nc6 10. Qc4 Bb4 11. Bd2 O-O 12. e3 Be6 13. Qb5 Rfd8 14. Qxa5 Nxa5 15. Nd4 Bc4 16. a3 Bxc3 17. Bxc3 Bxf1 18.
Bxa5 b6 19. Kxf1 bxa5 20. Ke2 g6 21. Rac1 Rac8 22. Nc6 Re8 23. Ne7+ 1-0

[Event "*** SCC Grand Prix: Titled Tuesday Blitz"]
[Site "Chess.com"]
[Date "2020.06.23"]
[Round "1"]
[White "louis198"]
[Black "Carolina-moon"]
[Result "1-0"]
[WhiteElo "2502"]
[BlackElo "2031"]
[TimeControl "180+1"]
[EndTime "10:06:04 PDT"]
[Termination "louis198 won on time"]

1. d4 f5 2. Bf4 Nf6 3. e3 e6 4. h3 b6 5. Nf3 Bb7 6. Nbd2 Be7 7. a4 a5 8. Bc4 d5 9. Bd3 O-O 10. O-O h6 11. c4 Nbd7 12. cxd5 Bxd5 13. Rc1 Bd6 14. Ne5 Bxe5 15. Bxe5 Nxe5 16. dxe5 Ne4 17.
Nxe4 fxe4 18. Bb5 Rc8 19. Bc6 Rf5 20. Qd4 Bxc6 21. Rxc6 Qd5 22. Qxd5 exd5 23. e6 Re5 24. Rfc1 Re8 25. Rxc7 R8xe6 26. Rd7 Rf6 27. Rcc7 Rg5 28.
h4 Rg4 29. g3 h5 30. Rxd5 1-0

[Event "*** SCC Grand Prix: Titled Tuesday Blitz"]
[Site "Chess.com"]
[Date "2020.06.23"]
[Round "1"]
[White "Herracek"]
[Black "Kaua18"]
[Result "1-0"]
[WhiteElo "2570"]
[BlackElo "2236"]
[TimeControl "180+1"]
[EndTime "10:06:05 PDT"]
[Termination "Herracek won by resignation"]

1. c4 c5 2. g3 Nc6 3. Bg2 g6 4. Nc3 Bg7 5. d3 d6 6. a3 a5 7.
Nf3 e5 8. O-O Nge7 9. Ne1 Be6 10. Nc2 d5 11. cxd5 Nxd5 12. Ne3 Nde7 13. Ne4 b6 14. Ng5 Bd7 15. Nc4 O-O 16. Qb3 Nd4 17.
Qxb6 Nxe2+ 18. Kh1 Nxc1 19. Raxc1 Rb8 20. Qxa5 Nc6 21. Qxd8 Rfxd8 22. Ne4 Bf8 23. Nf6+ Kg7 24. Nxd7 Rxd7 25. Bxc6 Rxd3 26. Nxe5 Rd2 27. Nc4 Re2 28. Bf3 Re6 29. Rfe1 Ra6 30. Rcd1 Ra4 31. Bd5 Rd8 32. Ne5 f6 33. Bb3 Raa8 34. Nc6 Re8 35. Rd7+ Kh6 36.
Rxe8 Rxe8 37. Kg2 f5 38. Bg8 Bg7 39. Rd8 Re2 40. b4 cxb4 41. axb4 Bc3 42. Rd7 Rc2 43.
Rxh7+ Kg5 44. h4+ Kf6 45. Rf7+ Ke6 46. Nd4+ Bxd4 47. Rc7+ 1-0

[Event "*** SCC Grand Prix: Titled Tuesday Blitz"]
[Site "Chess.com"]
[Date "2020.06.23"]
[Round "1"]
[White "rynos0411"]
[Black "Leonid_Starozhilov"]
[Result "0-1"]
[WhiteElo "2377"]
[BlackElo "2722"]
[TimeControl "180+1"]
[EndTime "10:06:07 PDT"]
[Termination "Leonid_Starozhilov won on time"]

1. d4 Nf6 2. c4 g6 3. Nc3 Bg7 4. e4 d6 5. h3 O-O 6. Be3 e5 7. d5 Na6 8. Nf3 Nh5 9. Nd2 Qe8 10. Be2 Nf4 11. Bf3 Nd3+ 12. Ke2 Nac5 13. Bxc5 Nxc5 14. b4 Nd7 15. g4 a5 16. a3 f5 17. gxf5 gxf5 18.
Qc2 Nf6 19. c5 Kh8 20. Qd3 Nh5 21. Qb5 Nf4+ 22. Kd1 c6 23. Qa4 cxd5 24. Qxe8 Rxe8 25. cxd6 dxe4 26. Be2 Rd8 27. Kc2 Rxd6 28. Nc4 Rc6 29. Bf1 axb4 30. Nb5 Be6 31. Kb3 Rac8 32. Rc1 Nd3 33.
Bxd3 exd3 0-1

[Event "*** SCC Grand Prix: Titled Tuesday Blitz"]
[Site "Chess.com"]
[Date "2020.06.23"]
[Round "1"]
[White "LuckSlayeer"]
[Black "Andreikka"]
[Result "0-1"]
[WhiteElo "2456"]
[BlackElo "2940"]
[TimeControl "180+1"]
[EndTime "10:06:08 PDT"]
[Termination "Andreikka won by resignation"]

1. Nf3 d5 2. g3 Nd7 3. d4 Nb6 4.
Bg2 Bf5 5. O-O e6 6. Bf4 Be7 7.
a4 a5 8. b3 Nf6 9. Nc3 O-O 10.
Nh4 Bg4 11. Be5 Nfd7 12. Nf3 Nxe5 13. Nxe5 Bh5 14. Qd3 c6 15. Bf3 Bxf3 16. exf3 Nc8 17. f4 Nd6 18. Rae1 Rc8 19. Ne2 Nf5 20. Kg2 Qc7 21. c4 dxc4 22. Qxc4 Rfd8 23. Rd1 Qb6 24. Qc3 Rd5 25. Nc4 Qa6 26. Qf3 Bf6 27. Ne3 Nxd4 28. Nxd4 Rxd4 29. Rxd4 Bxd4 30. Nc4 b5 31. Nd6 Rd8 32. Ne4 bxa4 33. bxa4 Qc4 34. Rd1 Qxa4 35.
f5 exf5 36. Qxf5 Qxd1 0-1

[Event "*** SCC Grand Prix: Titled Tuesday Blitz"]
[Site "Chess.com"]
[Date "2020.06.23"]
[Round "1"]
[White "PattyCastillo"]
[Black "IMDT02"]
[Result "0-1"]
[WhiteElo "1915"]
[BlackElo "2478"]
[TimeControl "180+1"]
[EndTime "10:06:08 PDT"]
[Termination "IMDT02 won by resignation"]

1. d4 Nf6 2. Nf3 g6 3. Nc3 Bg7 4. e4 d6 5. Be3 O-O 6. Qd2 Bg4 7. Be2 Nc6 8. O-O-O a6 9. h3 Bxf3 10. Bxf3 e5 11. d5 Ne7 12. Bh6 Qd7 13. Bxg7 Kxg7 14.
g4 Nfg8 15. h4 h6 16. Kb1 Rad8 17. g5 h5 18. Be2 f5 19. gxf6+ Rxf6 20. Qe3 Rf4 21. Rdg1 Nf6 22. Rg5 Nh7 23. Rg2 Kh8 24.
Bd1 Rdf8 25. Ne2 Rf3 26. Qd2 Rxf2 27. Rxf2 Rxf2 28. Qe3 Rf6 29. Ng3 Qe8 30. Rg1 Qf7 31. a3 Rf4 32. Ne2 Rxh4 33. Qg3 Rxe4 34. Nc3 Rf4 0-1

[Event "*** SCC Grand Prix: Titled Tuesday Blitz"]
[Site "Chess.com"]
[Date "2020.06.23"]
[Round "1"]
[White "sotochess"]
[Black "HouseOfDurin"]
[Result "1-0"]
[WhiteElo "2478"]
[BlackElo "1912"]
[TimeControl "180+1"]
[EndTime "10:06:08 PDT"]
[Termination "sotochess won on time"]

1. e4 c5 2. Nf3 Nc6 3. d4 cxd4 4.
Nxd4 e5 5. Nb5 d6 6. c4 Be6 7. Be3 Nf6 8. f3 Be7 9. Qd2 O-O 10. N1c3 a6 11. Na3 Rc8 12. Nd5 Bxd5 13. cxd5 Nd4 14.
Bxd4 exd4 15. Qxd4 Qa5+ 16. Qd2 Qc5 17. Nc4 Bd8 18.
b4 Qc7 19. a4 Re8 20. Be2 b5 21.
axb5 axb5 22. Na5 Qb6 23. Nc6 Nh5 24. g3 Bf6 25. Rc1 g6 26. Kf1 Ra8 27. Kg2 Ra3 28. Rc2 Rea8 29. Rhc1 Ng7 30. Bf1 h5 31.
Qe2 1-0

[Event "*** SCC Grand Prix: Titled Tuesday Blitz"]
[Site "Chess.com"]
[Date "2020.06.23"]
[Round "1"]
[White "cukin84"]
[Black "keshka01"]
[Result "0-1"]
[WhiteElo "2157"]
[BlackElo "2529"]
[TimeControl "180+1"]
[EndTime "10:06:10 PDT"]
[Termination "keshka01 won by resignation"]

1. e4 Nf6 2. e5 Nd5 3. d4 d6 4. c4 Nb6 5. exd6 exd6 6. Nc3 Be7 7. Nf3 Bg4 8. Be3 Nc6 9. Bd3 O-O 10. O-O Bf6 11.
c5 dxc5 12. dxc5 Bxf3 13. Bxh7+ Kxh7 14. Qxf3 Nd7 15. Rad1 Kg8 16. Ne4 Qe7 17. Rxd7 Qxd7 18. Nxf6+ gxf6 19. Qg3+ Kh7 20. Qh4+ Kg7 21. Bh6+ Kg6 22.
Qg3+ Kxh6 23. Qh4+ Kg6 24. Qg3+ Kh5 25. Qg7 Qf5 26. h3 Qg6 27. g4+ Kh4 0-1

[Event "*** SCC Grand Prix: Titled Tuesday Blitz"]
[Site "Chess.com"]
[Date "2020.06.23"]
[Round "1"]
[White "SPEEDSKATER"]
[Black "argentum049"]
[Result "1/2-1/2"]
[WhiteElo "2775"]
[BlackElo "2442"]
[TimeControl "180+1"]
[EndTime "10:06:17 PDT"]
[Termination "Game drawn by repetition"]

1. d4 Nf6 2. c4 g6 3. Nc3 Bg7 4. e4 O-O 5. Nf3 d6 6. Be2 e5 7. O-O Nbd7 8. Be3 Re8 9. dxe5 Nxe5 10. Nxe5 Rxe5 11. f3 Bd7 12. Qd2 Bc6 13. Rfd1 Qe7 14. Bd4 Rh5 15. Rac1 Nd7 16. Bf2 a5 17. Nd5 Bxd5 18.
cxd5 Nc5 19. Rc4 b6 20. Rdc1 Bh6 21. Be3 Qh4 22. h3 Bxe3+ 23. Qxe3 Rg5 24. Kf1 Re8 25. Qf2 Qf4 26. h4 Rg3 27. e5 Qxe5 28. R1c3 Qxe2+ 29. Qxe2 Rxe2 30. Kxe2 Rxg2+ 31. Ke3 Rxb2 32. Rc2 Rb1 33.
Rc1 Rb2 34. R1c2 Rb1 35. Rc1 Rb2 36. R4c2 Rb4 37. Rc4 Rb2 1/2-1/2

[Event "*** SCC Grand Prix: Titled Tuesday Blitz"]
[Site "Chess.com"]
[Date "2020.06.23"]
[Round "1"]
[White "saikrishnaReturns"]
[Black "imdarealist"]
[Result "1-0"]
[WhiteElo "2632"]
[BlackElo "2312"]
[TimeControl "180+1"]
[EndTime "10:06:18 PDT"]
[Termination "saikrishnaReturns won by checkmate"]

1. e4 e5 2. Nf3 Nf6 3. Nxe5 d6 4. Nf3 Nxe4 5. Nc3 Nxc3 6. dxc3 Be7 7. Bf4 Be6 8. Qd2 Nc6 9. Ng5 Qd7 10. O-O-O O-O-O 11.
Kb1 h6 12. Nxe6 fxe6 13. h4 e5 14. Be3 Kb8 15. g3 Bf6 16. Bg2 Ne7 17. c4 Nf5 18. Bh3 Rdf8 19. c5 Be7 20. Qa5 Qc6 21. cxd6 b6 22. dxc7+ Qxc7 23. Qd5 Nxe3 24. fxe3 Rf2 25. Qe4 a5 26. Rd7 Qc5 27. Qb7# 1-0

[Event "*** SCC Grand Prix: Titled Tuesday Blitz"]
[Site "Chess.com"]
[Date "2020.06.23"]
[Round "1"]
[White "Gerodot71"]
[Black "c63_amg"]
[Result "1-0"]
[WhiteElo "2420"]
[BlackElo "2770"]
[TimeControl "180+1"]
[EndTime "10:06:19 PDT"]
[Termination "Gerodot71 won by resignation"]

1. d4 Nf6 2. c4 e6 3. Nf3 Bb4+ 4. Bd2 Qe7 5. g3 Bxd2+ 6. Qxd2 Nc6 7. Nc3 d5 8. cxd5 exd5 9. Bg2 Bg4 10. O-O O-O-O 11.
Rac1 Kb8 12. Na4 Ne4 13. Qd1 Rd6 14. Nc5 Rhd8 15. e3 Rf6 16. Qb3 Nxc5 17. Rxc5 Rxf3 18.
Rxc6 Rf5 19. Rfc1 Rd7 20. R6c5 Be2 21. Bxd5 b6 22. Bg2 Ba6 23. Rxf5 1-0

[Event "*** SCC Grand Prix: Titled Tuesday Blitz"]
[Site "Chess.com"]
[Date "2020.06.23"]
[Round "1"]
[White "PredragNikac"]
[Black "GMMatamoros"]
[Result "0-1"]
[WhiteElo "2192"]
[BlackElo "2546"]
[TimeControl "180+1"]
[EndTime "10:06:21 PDT"]
[Termination "GMMatamoros won by resignation"]

1. d4 Nf6 2. Bg5 c5 3. Bxf6 gxf6 4. e3 Qb6 5. Nc3 e6 6. d5 Qxb2 7. Nge2 Qb4 8. Rb1 Qa5 9. g3 f5 10. Rb5 Qc7 11. Nf4 e5 12. Nh5 d6 13. Bh3 Qd8 14. O-O a6 15. Rb1 b5 16. f4 e4 17. Kh1 Rg8 18.
a4 b4 19. Ne2 a5 20. Rg1 Na6 21. c3 Rg6 22. Nc1 Nc7 23. g4 Qh4 24. gxf5 Rxg1+ 25. Kxg1 Qxh3 26. Nf6+ Kd8 27. Nxe4 Bxf5 28. Nf2 Qxe3 29.
Rb2 Qxf4 30. Ncd3 Qg5+ 31. Kf1 Nxd5 32. Re2 Nxc3 0-1

[Event "*** SCC Grand Prix: Titled Tuesday Blitz"]
[Site "Chess.com"]
[Date "2020.06.23"]
[Round "1"]
[White "Ranindu2003"]
[Black "metalbattler"]
[Result "1-0"]
[WhiteElo "2492"]
[BlackElo "2006"]
[TimeControl "180+1"]
[EndTime "10:06:21 PDT"]
[Termination "Ranindu2003 won by checkmate"]

1. e4 c5 2. Nf3 d6 3. d4 cxd4 4. Nxd4 Nf6 5. Nc3 a6 6. Be3 e5 7.
Nb3 Be6 8. f3 Nbd7 9. Qd2 h5 10.
Nd5 Bxd5 11. exd5 g6 12. Be2 Bg7 13. O-O Qc7 14. c4 O-O 15. Rac1 Rad8 16. Na5 e4 17.
f4 Ng4 18. Bxg4 hxg4 19. b4 Kh7 20. Nb3 Rh8 21. f5 Ne5 22. Qe2 Qe7 23. fxg6+ Kxg6 24. Nd4 Qh4 25. g3 Qh3 26. Qc2 Nd3 27. Rcd1 Rde8 28.
Rxd3 exd3 29. Qxd3+ f5 30. Qxf5# 1-0

[Event "*** SCC Grand Prix: Titled Tuesday Blitz"]
[Site "Chess.com"]
[Date "2020.06.23"]
[Round "1"]
[White "TheSodabread"]
[Black "2346PL"]
[Result "0-1"]
[WhiteElo "1904"]
[BlackElo "2475"]
[TimeControl "180+1"]
[EndTime "10:06:22 PDT"]
[Termination "2346PL won on time"]

1. d4 f5 2. Qd3 d5 3. g4 e6 4.
gxf5 exf5 5. Bf4 Bd6 6. Bxd6 Qxd6 7. Nd2 Nf6 8. O-O-O Nc6 9. f3 O-O 10. Bg2 a5 11. e4 Nb4 12. Qb3 a4 13. Qa3 dxe4 14.
fxe4 fxe4 15. Ne2 Bg4 16. Nc4 Qe7 17. Rhe1 Rfe8 18. Ne5 Bh5 19. Kb1 c6 20. Rd2 Nbd5 21. Ng3 Qxa3 22. bxa3 Bg6 23. Nxg6 hxg6 24. c4 Nf4 25.
Bxe4 Re7 26. Rf2 Nd3 27. Rxf6 gxf6 28. Bd5+ Kf8 29. Rxe7 Kxe7 30. Be4 Nf4 31. Kc2 Rh8 32. Nf1 Rh3 33. Kb2 f5 34. Bc2 Rf3 35. Nd2 Rf2 36. Kc3 Ne2+ 37. Kd3 Nc1+ 0-1

[Event "*** SCC Grand Prix: Titled Tuesday Blitz"]
[Site "Chess.com"]
[Date "2020.06.23"]
[Round "1"]
[White "GukeshDommaraju"]
[Black "TokChess"]
[Result "1-0"]
[WhiteElo "2710"]
[BlackElo "2366"]
[TimeControl "180+1"]
[EndTime "10:06:23 PDT"]
[Termination "GukeshDommaraju won by checkmate"]

1. c4 Nf6 2. Nc3 d5 3. cxd5 Nxd5 4. Nf3 g6 5. e4 Nxc3 6. bxc3 Bg7 7. d4 O-O 8. Be3 Nc6 9. Be2 b6 10. O-O Bb7 11. Qc2 Na5 12. Rfd1 e6 13. Rab1 Qc8 14. c4 c5 15. dxc5 bxc5 16. Rb5 Nc6 17. Bxc5 Rd8 18.
Rxd8+ Nxd8 19. Be3 Nc6 20. h4 Ba6 21. Rb1 Qc7 22.
h5 gxh5 23. c5 Bxe2 24. Qxe2 Rc8 25. Qa6 Rb8 26. Rxb8+ Nxb8 27. Qb5 Nc6 28. g3 Bf6 29. Kg2 Kg7 30. Bf4 Qc8 31. Qd3 e5 32. Be3 Ne7 33. Qd6 Ng6 34. Bh6+ Kxh6 35. Qxf6 Qxc5 36. Ng5 h4 37.
Nxf7+ Kh5 38. Qf5# 1-0

[Event "*** SCC Grand Prix: Titled Tuesday Blitz"]
[Site "Chess.com"]
[Date "2020.06.23"]
[Round "1"]
[White "letsgoband"]
[Black "DonPreuss"]
[Result "1-0"]
[WhiteElo "2554"]
[BlackElo "2200"]
[TimeControl "180+1"]
[EndTime "10:06:23 PDT"]
[Termination "letsgoband won on time"]

1. e4 Nc6 2. Nf3 d6 3. d4 g6 4. d5 Ne5 5. Nxe5 dxe5 6. c4 Bg7 7. Nc3 Nf6 8. Be2 O-O 9. h4 h5 10. Bg5 c6 11. Qd2 Qb6 12. O-O Kh7 13. Be3 Qc7 14. f3 e6 15. d6 Qd8 16. c5 Bd7 17. b4 Ng8 18. Bf2 f5 19. Bc4 f4 20. Rfd1 Bf6 21.
Qe1 Nh6 22. a4 Rg8 23. b5 g5 24. hxg5 Rxg5 25. bxc6 bxc6 26. Rab1 Qg8 27. Bf1 Ng4 28. Rb7 Rd8 29. fxg4 hxg4 30. Bh4 g3 31. Bxg5 Qxg5 32. Be2 Kg6 33. Bf3 Rh8 34. Rxd7 1-0

[Event "*** SCC Grand Prix: Titled Tuesday Blitz"]
[Site "Chess.com"]
[Date "2020.06.23"]
[Round "1"]
[White "bgfbfbgfbgfgf"]
[Black "UKR_Master"]
[Result "1-0"]
[WhiteElo "2637"]
[BlackElo "2312"]
[TimeControl "180+1"]
[EndTime "10:06:24 PDT"]
[Termination "bgfbfbgfbgfgf won by resignation"]

1. e4 c5 2. Nf3 d6 3. d4 cxd4 4. Nxd4 Nf6 5. Nc3 e5 6. Nf5 Nc6 7. Bg5 Bxf5 8. exf5 h6 9. Bxf6 Qxf6 10. Nd5 Qd8 11. f6 gxf6 12. Qh5 Qa5+ 13. Nc3 d5 14. O-O-O Rd8 15. Bb5 d4 16. Bc4 Qc7 17. Ne4 Bg7 18. Ng3 Nb4 19. Bb3 Rc8 20. Rd2 b5 21. Nf5 Kf8 22. Nd6 Rb8 23. Nxf7 Rh7 24. Qg6 a5 25. Qxh7 a4 26. Nxh6 axb3 27. Qg8+ Ke7 28. Qxg7+ Kd6 29.
Qxc7+ Kxc7 30. axb3 Ra8 31. Kb1 1-0

[Event "*** SCC Grand Prix: Titled Tuesday Blitz"]
[Site "Chess.com"]
[Date "2020.06.23"]
[Round "1"]
[White "Siniauski"]
[Black "KejJaj"]
[Result "1-0"]
[WhiteElo "2489"]
[BlackElo "1998"]
[TimeControl "180+1"]
[EndTime "10:06:24 PDT"]
[Termination "Siniauski won by checkmate"]

1. e4 c5 2. Nf3 d6 3. Bb5+ Nc6 4. O-O Bd7 5. Re1 e5 6. c3 g6 7. d4 cxd4 8. cxd4 Bg7 9. b3 a6 10. Bxc6 Bxc6 11. Bb2 f6 12. dxe5 dxe5 13. Nc3 Ne7 14.
Ba3 b5 15. Qxd8+ Rxd8 16. Rad1 Rxd1 17. Rxd1 a5 18. Bc5 f5 19. Ng5 h6 20. Ne6 Bf6 21. Nc7+ Kf7 22. N7xb5 Bxe4 23. Nxe4 fxe4 24. Nd6+ Ke6 25.
Nxe4 Nf5 26. g4 Nd4 27. Nxf6 Kxf6 28. Rxd4 Rc8 29. Rc4 Kg5 30. Be7# 1-0

[Event "*** SCC Grand Prix: Titled Tuesday Blitz"]
[Site "Chess.com"]
[Date "2020.06.23"]
[Round "1"]
[White "KubaGepard"]
[Black "12teen"]
[Result "0-1"]
[WhiteElo "2338"]
[BlackElo "2675"]
[TimeControl "180+1"]
[EndTime "10:06:26 PDT"]
[Termination "12teen won by resignation"]

1. d4 Nf6 2. Nf3 b6 3. g3 Bb7 4. Bg2 d5 5. O-O e6 6. Ne5 Nbd7 7. c4 Be7 8. Nc3 O-O 9. Bf4 c5 10. cxd5 exd5 11. Rc1 a6 12. dxc5 Nxc5 13. Bg5 Ne6 14. Bxf6 Bxf6 15. Ng4 Bxc3 16. bxc3 Qd7 17. Ne3 Rfd8 18.
Qb3 d4 19. Rfd1 Bxg2 20. Nxg2 Qb7 21. cxd4 Nxd4 22. Qb2 Qe4 23. Kf1 b5 24. Qb1 Qxe2+ 25. Kg1 Nf3+ 26. Kh1 Ng5 27. Rf1 Qf3 28. Rc5 Ne4 29.
Rc2 Nd2 30. Qd1 Qd5 31. Qe2 Nxf1 32. Qxf1 Qd1 0-1

[Event "*** SCC Grand Prix: Titled Tuesday Blitz"]
[Site "Chess.com"]
[Date "2020.06.23"]
[Round "1"]
[White "Semetey"]
[Black "WinstonSilvakov"]
[Result "1-0"]
[WhiteElo "2523"]
[BlackElo "2144"]
[TimeControl "180+1"]
[EndTime "10:06:26 PDT"]
[Termination "Semetey won by resignation"]

1. d4 Nf6 2. Nc3 d5 3. Bf4 e6 4. Nb5 Na6 5. e3 Bd7 6. a3 Be7 7. c4 O-O 8. Nf3 Ne8 9. Rc1 c6 10. Nc3 dxc4 11. Bxc4 b5 12. Bd3 Nac7 13. O-O Nd5 14.
Be5 Nxc3 15. Rxc3 f6 16. Bg3 b4 17. axb4 Bxb4 18. Rc1 Bd6 19. Qc2 Bxg3 20. Bxh7+ Kh8 21.
fxg3 Nd6 22. Nh4 Be8 23. Ng6+ Bxg6 24. Bxg6 Rc8 25. Qe2 Nf7 26. Qh5+ Nh6 27. g4 Qd5 28. g5 fxg5 29. h3 c5 30. Rxf8+ Rxf8 31. Rxc5 Qb7 32.
Rxg5 Qxb2 33. Be4 Qc1+ 34. Kh2 Qxe3 35. Qg6 Qf4+ 36. Rg3 Nf5 37. Bxf5 1-0

[Event "*** SCC Grand Prix: Titled Tuesday Blitz"]
[Site "Chess.com"]
[Date "2020.06.23"]
[Round "1"]
[White "abykhovsky"]
[Black "chessablanca"]
[Result "1-0"]
[WhiteElo "2728"]
[BlackElo "2381"]
[TimeControl "180+1"]
[EndTime "10:06:27 PDT"]
[Termination "abykhovsky won by resignation"]

1. d4 Nf6 2. Nf3 e6 3. c4 Bb4+ 4. Nbd2 O-O 5. a3 Be7 6. e4 d6 7. b4 Nbd7 8. Bb2 c5 9. bxc5 dxc5 10. e5 Ne8 11. d5 Qb6 12. Qc2 f6 13. Bd3 f5 14.
O-O h6 15. Rab1 Qa6 16. Rfe1 g5 17. Nf1 Ng7 18. Ne3 Rf7 19. Rbd1 Nf8 20. Qb1 Bd7 21. dxe6 Bxe6 22. Nd5 Rd8 23. h4 g4 24. Nd2 Bxh4 25. Nf1 Bg5 26. Ng3 h5 27. Nf6+ Bxf6 28. exf6 Ne8 29. Nxh5 Qc6 30. Nf4 Bc8 31. Nd5 Ng6 32.
Bxf5 Bxf5 33. Qxf5 Qd7 1-0

[Event "*** SCC Grand Prix: Titled Tuesday Blitz"]
[Site "Chess.com"]
[Date "2020.06.23"]
[Round "1"]
[White "skoularikii"]
[Black "tamarozi99"]
[Result "1-0"]
[WhiteElo "2505"]
[BlackElo "2071"]
[TimeControl "180+1"]
[EndTime "10:06:27 PDT"]
[Termination "skoularikii won on time"]

1. e4 c5 2. Nf3 Nc6 3. Bb5 g6 4. O-O Bg7 5. Re1 Nf6 6. h3 O-O 7. a4 Qc7 8. Nc3 d6 9. Nd5 Nxd5 10. exd5 Nd4 11. d3 h6 12. c3 Nxb5 13. axb5 a6 14.
bxa6 Rxa6 15. Rxa6 bxa6 16. Qa4 Bb7 17. c4 Rd8 18. Bd2 Qd7 19. Qb3 Rb8 20. Ra1 e6 21.
dxe6 fxe6 22. Rxa6 Qc7 23. Rb6 Kh7 24. Ba5 Qe7 25.
Bc3 e5 26. Bd2 Qf7 27. Rxd6 Bxf3 28. Qxb8 Be2 29. Qc8 Bd1 30. Qxc5 Bc2 31. Qc6 1-0

[Event "*** SCC Grand Prix: Titled Tuesday Blitz"]
[Site "Chess.com"]
[Date "2020.06.23"]
[Round "1"]
[White "Escanor89"]
[Black "EnergeticHay"]
[Result "1-0"]
[WhiteElo "2557"]
[BlackElo "2207"]
[TimeControl "180+1"]
[EndTime "10:06:28 PDT"]
[Termination "Escanor89 won by checkmate"]

1. c4 Nf6 2. Nc3 g6 3. e4 d6 4. d4 Bg7 5. Nf3 O-O 6. Be2 e5 7. O-O Na6 8. Be3 Ng4 9. Bg5 Qe8 10. dxe5 dxe5 11. h3 f6 12. Bd2 Nh6 13. Qc2 c6 14.
Rfd1 f5 15. a3 Nf7 16. b4 Nc7 17. c5 Ne6 18. exf5 Nd4 19. Nxd4 exd4 20. fxg6 hxg6 21. Qxg6 dxc3 22. Bd3 Ne5 23. Qh7+ Kf7 24. Bxc3 Rh8 25. Bg6+ Kf8 26. Qxg7+ Kxg7 27. Bxe8 Rxe8 28. f4 Kg6 29. Bxe5 Be6 30. Rd6 Rad8 31. Rad1 Rxd6 32. Rxd6 Kf7 33. g4 Re7 34. Kg2 Bd5+ 35. Kg3 Be4 36. h4 Bd5 37. Rf6+ Kg8 38. Rd6 Rh7 39. h5 a6 40. f5 Re7 41.
Kf4 Bc4 42. g5 Be2 43. h6 Bh5 44. g6 Be2 45. Rd8+ Re8 46. Rxe8# 1-0

[Event "*** SCC Grand Prix: Titled Tuesday Blitz"]
[Site "Chess.com"]
[Date "2020.06.23"]
[Round "1"]
[White "IwkooO"]
[Black "timedothwasteme"]
[Result "1-0"]
[WhiteElo "2526"]
[BlackElo "2146"]
[TimeControl "180+1"]
[EndTime "10:06:28 PDT"]
[Termination "IwkooO won by resignation"]

1. e4 c5 2. Nf3 Nc6 3. d4 cxd4 4. Nxd4 Nf6 5. Nc3 g6 6. Be3 Bg7 7. Bc4 O-O 8. Bb3 d6 9. f3 Bd7 10. Qd2 Rc8 11. O-O-O Ne5 12. Kb1 Nc4 13. Bxc4 Rxc4 14.
g4 b5 15. b3 b4 16. bxc4 bxc3 17. Qxc3 Qc7 18. Ka1 Rc8 19. Rb1 d5 20. g5 Ne8 21.
exd5 Nd6 22. c5 Nf5 23. Bf2 Qe5 24. Rhd1 Qxd5 25. Rb3 Be6 26. Kb2 Rxc5 27. Rb8+ Bf8 28. Qb3 Qe5 29. Qb4 Rc4 30. Qb5 Rc5 31. Qxc5 Qxc5 32. Rxf8+ Kg7 33. Nxe6+ 1-0

[Event "*** SCC Grand Prix: Titled Tuesday Blitz"]
[Site "Chess.com"]
[Date "2020.06.23"]
[Round "1"]
[White "EvgenyRomanov"]
[Black "icychess54"]
[Result "1-0"]
[WhiteElo "2650"]
[BlackElo "2322"]
[TimeControl "180+1"]
[EndTime "10:06:30 PDT"]
[Termination "EvgenyRomanov won on time"]

1. e4 c5 2. Nf3 d6 3. Bb5+ Bd7 4. a4 a6 5. Bxd7+ Nxd7 6. a5 e6 7. O-O Ngf6 8. Qe2 Be7 9. c3 O-O 10.
d3 Nb8 11. Nbd2 Nc6 12. Nc4 d5 13. Nb6 Rb8 14. Bf4 Nxa5 15. Bxb8 Nb3 16. Ba7 Nxa1 17. Rxa1 c4 18. e5 cxd3 19. Qxd3 Ne4 20. b4 Qc7 21.
Ra3 Bd8 22. g3 h6 23. Qd4 f6 24. Nxd5 exd5 25. Qxd5+ Kh8 26. Qxe4 fxe5 27. Nxe5 Re8 28. Ng6+ Kh7 29. Qxe8 1-0

[Event "*** SCC Grand Prix: Titled Tuesday Blitz"]
[Site "Chess.com"]
[Date "2020.06.23"]
[Round "1"]
[White "killer311"]
[Black "KazakhFighter04"]
[Result "0-1"]
[WhiteElo "2393"]
[BlackElo "2771"]
[TimeControl "180+1"]
[EndTime "10:06:31 PDT"]
[Termination "KazakhFighter04 won by resignation"]

1. d4 Nf6 2. c4 e6 3. Nc3 Bb4 4. e3 O-O 5. Nf3 d5 6. Bd2 Re8 7. cxd5 Nxd5 8. Nxd5 Bxd2+ 9. Qxd2 exd5 10. Bd3 c6 11.
Ne5 Nd7 12. f4 Nf8 13. O-O Qe7 14. Rae1 f6 15. Nf3 Bg4 16. h3 Bxf3 17. Rxf3 g6 18. f5 g5 19. a3 a5 20. h4 h6 21. hxg5 hxg5 22. Kf2 Qd6 23. Rh1 Re7 24. Rfh3 Rg7 25.
Qe2 g4 26. Rg3 Nh7 27. Rxg4 Ng5 28. Rgh4 Kf7 29. Qh5+ Ke7 30. Qe2 Rag8 31. e4 Nh3+ 32.
Kf1 Rxg2 33. Qxg2 Rxg2 34. Kxg2 Nf4+ 35. Kf3 Nxd3 36. Rh7+ Kd8 37. Rg7 Qf4+ 38. Kg2 Qf2+ 39. Kh3 Nf4+ 40. Kg4 Qg2+ 41. Kxf4 Qxg7 42. e5 Qg5+ 43.
Kf3 Qxf5+ 44. Ke3 Qe4+ 0-1

[Event "*** SCC Grand Prix: Titled Tuesday Blitz"]
[Site "Chess.com"]
[Date "2020.06.23"]
[Round "1"]
[White "BJthechessgod"]
[Black "Lupul_Cenusiu"]
[Result "0-1"]
[WhiteElo "2208"]
[BlackElo "2558"]
[TimeControl "180+1"]
[EndTime "10:06:31 PDT"]
[Termination "Lupul_Cenusiu won by resignation"]

1. d4 Nf6 2. c4 e6 3. Nc3 c5 4. e3 a6 5. Nf3 d5 6. cxd5 exd5 7. Be2 Nc6 8. O-O h6 9. Re1 cxd4 10. Nxd4 Bd6 11.
Bf3 O-O 12. h3 Bc7 13. Nxc6 bxc6 14. Na4 Qd6 15. Qd4 Qh2+ 16. Kf1 a5 17. Nc5 Bb6 18. Ke2 Rd8 19. a3 Ba6+ 20. Kd1 Ne4 21. b4 Nxf2+ 22.
Kc2 Bd3+ 23. Kb3 axb4 24. axb4 Bc4+ 25. Kc2 Rxa1 26. Qxa1 Bxc5 27. bxc5 Nd3 28. Rd1 Nxc5 29. Qd4 Bb3+ 30. Kb2 Bxd1 31. Bxd1 Qxg2+ 32. Bc2 Ne6 33. Qe5 d4 34. exd4 Nxd4 35. Be3 Qxc2+ 0-1

[Event "*** SCC Grand Prix: Titled Tuesday Blitz"]
[Site "Chess.com"]
[Date "2020.06.23"]
[Round "1"]
[White "mamey78"]
[Black "Khvicha_Supatashvili"]
[Result "1/2-1/2"]
[WhiteElo "2327"]
[BlackElo "2639"]
[TimeControl "180+1"]
[EndTime "10:06:32 PDT"]
[Termination "Game drawn by agreement"]

1. e4 c5 2. Nf3 Nc6 3. c3 e6 4.
d4 d5 5. exd5 exd5 6. Bb5 Nf6 7.
O-O Bd6 8. dxc5 Bxc5 9. Nbd2 O-O 10. Nb3 Bb6 11. Bg5 Bg4 12. h3 Bh5 13. Re1 a6 14.
Bf1 Qd6 15. Bxf6 gxf6 16. Qd3 Rad8 17. Be2 Bc7 18. g3 Bg6 19. Qd2 Bb6 20. Nbd4 Ne5 21.
Rad1 Rfe8 22. Nh4 Qd7 23. Kh2 Nc4 24. Qc1 Nd6 25. Qf4 Ne4 26. Bg4 Qc7 27. Qf3 Re5 28.
Nhf5 Rde8 29. h4 1/2-1/2